 Dungeon Crawl Stone Soup version 0.31-a0-237-g2d982f9f85 (webtiles) character file.

Game seed: 1773487684734769093

191 qw the Shooter (level 5, -4/31 HPs)
             Began as a Gargoyle Hexslinger on July 11, 2023.
             Slain by an ogre
             ... wielding a +0 giant club
              (22 damage)
             ... on level 4 of the Dungeon.
             The game lasted 00:00:53 (2150 turns).

qw the Shooter (Gargoyle Hexslinger)                Turns: 2150, Time: 00:00:54

Health: -4/31      AC:  9    Str: 11    XL:     5   Next: 70%
Magic:  6/6        EV: 10    Int: 14    God:
Gold:   148        SH:  0    Dex: 14    Spells: 5/6 levels left

rFire   . . .        g - +1 sling (heavy)
rCold   + . .        (no shield)
rNeg    + . .        e - +0 ring mail
rPois   inf          (no helmet)
rElec   +            (no cloak)
rCorr   .            (no gloves)
SInv    .            (no boots)
Will    .....        (no amulet)
Stlth   +            j - ring of protection from cold
HPRegen 0.25/turn    (no ring)
MPRegen 0.10/turn

%: no passive effects
@: no status effects
A: sickness immunity, AC +4, negative energy resistance 1, electricity
resistance, torment resistance 1, petrification resistance
a: no special abilities


You were on level 4 of the Dungeon.
You visited 1 branch of the dungeon, and saw 4 of its levels.

You collected 148 gold pieces.


Innate Abilities, Weirdness & Mutations

You are immune to sickness and miasma.
Your stone body is resilient. (AC +4)
You are immune to poison.
You resist negative energy. (rN+)
You are resistant to electric shocks. (rElec)
You are resistant to unholy torment.
You are immune to petrification.


   Skills:
 + Level 2.3 Fighting
 - Level 5.2 Ranged Weapons
 - Level 1.0 Armour
 - Level 1.5 Dodging
 - Level 1.0 Spellcasting
 - Level 2.6 Hexes


You had 5 spell levels left.
You knew the following spells:

 Your Spells              Type           Power      Damage    Failure   Level
a - Slow                  Hex            32%        N/A       21%         1

Your spell library contained the following spells:

 Spells                   Type           Power      Damage    Failure   Level
 Inner Flame              Hex/Fire       4%         N/A       71%         3
 Portal Projectile        Hex/Tloc       8%         N/A       71%         3
 Cause Fear               Hex            4%         N/A       90%         4

Inventory:

Hand Weapons
 g - a +1 heavy sling (weapon)
Armour
 e - a +0 ring mail (worn)
Jewellery
 j - a ring of protection from cold (left hand)
Scrolls
 b - a scroll of teleportation
 f - a scroll of identify
Potions
 d - 3 potions of might
 h - a potion of haste
 i - a potion of mutation
 k - 2 potions of curing

Dungeon Overview and Level Annotations

Branches:
Dungeon (4/15)
 Temple: D:4-7

Altars:


Message History

Enter note:
Enter note: You shoot a sling bullet.
The sling bullet closely misses the goblin.
You shoot a sling bullet. The sling bullet hits the goblin!
You kill the goblin!
Things that are here:
a +0 club; a goblin corpse An adder comes into view.
Found a plate armour.
The adder hisses angrily.
You hear a shout!
An ogre comes into view. It is wielding a +0 giant club.
A goblin comes into view. It is wielding a +0 dagger.
Enter note:
Enter note:
Enter note: You shoot a sling bullet.
The sling bullet barely misses the adder.
The adder bites you. The adder closely misses you.
You shoot a sling bullet. The sling bullet hits the adder!
The adder is severely wounded.
The adder barely misses you. The adder bites you but does no damage.
The adder closely misses you.
You shoot a sling bullet. The sling bullet hits the adder.
You kill the adder!
The ogre barely misses you.
You shoot a sling bullet. The sling bullet hits the ogre.
The ogre is lightly wounded.
The ogre hits you with a +0 giant club.
You shoot a sling bullet.
The sling bullet barely misses the ogre.
The ogre hits you but does no damage. The ogre hits you with a +0 giant club!
You shoot a sling bullet. The sling bullet hits the ogre!
The ogre is moderately wounded.
The ogre barely misses you.
You shoot a sling bullet. The sling bullet hits the ogre.
The ogre is heavily wounded.
The ogre hits you with a +0 giant club!!
Ouch! That really hurt!
You die...

.....##.......
............#. #
#......../.... #.
#.##.##.##.##. .##
#.##..%....##. ..
#.#####.##.##. #g
###.#####.##.##.
#.#O##...............
#...@..##......<.)###
###.###########.##>..
#. #.##.## [. #.##.##
### #...... ####.##
#.## #..# ##.#


You could see an ogre and a goblin.

Vanquished Creatures
  A hound (D:4)
  2 orc wizards (D:4)
  2 adders
  5 dart slugs
  11 orcs
  5 endoplasms
  A giant cockroach (D:1)
  7 hobgoblins
  6 kobolds
  3 quokkas
  5 ball pythons
  5 bats
  5 frilled lizards
  11 goblins
  4 rats
73 creatures vanquished.

Notes
Turn   | Place    | Note
-------+----------+-------------------------------------------
     0 | D:1      | qw the Gargoyle Hexslinger began the quest for the Orb.
     0 | D:1      | Reached XP level 1. HP: 12/12 MP: 2/2
     0 | D:1      | 0 ||| qw: Version: 0.3-a-52-g30416fa
     0 | D:1      | 0 ||| qw: Game counter: 5456
     0 | D:1      | 0 ||| qw: Melee chars always use a shield: true
     0 | D:1      | 0 ||| qw: God list: Okawaru
     0 | D:1      | 0 ||| qw: Allow faded altars: false
     0 | D:1      | 0 ||| qw: Do Orc after clearing Dungeon:15 true
     0 | D:1      | 0 ||| qw: Do second Lair branch before Depths: true
     0 | D:1      | 0 ||| qw: Lair rune preference: random
     0 | D:1      | 0 ||| qw: Goals: Normal
     0 | D:1      | 0 ||| PLANNING D:1-11
    75 | D:1      | Reached XP level 2. HP: 12/16 MP: 3/3
   127 | D:1      | Reached skill level 3 in Ranged Weapons
   154 | D:1      | HP: 2/16 [goblin/+0 club (4)]
   248 | D:1      | Reached XP level 3. HP: 18/21 MP: 4/4
   453 | D:1      | 453 ||| UPGRADING to +0 ring mail.
   463 | D:1      | 463 ||| DROPPING +0 robe.
   464 | D:1      | 464 ||| READING scroll labelled UMYCLU CERGHAEQ.
   465 | D:1      | 465 ||| READING scroll labelled ECIAGE IMAOTH.
   470 | D:1      | 470 ||| READING scroll labelled CUVEIQASOO.
   471 | D:1      | 471 ||| DRINKING 2 sedimented sapphire potions.
   472 | D:1      | 472 ||| DROPPING scroll of poison.
  1275 | D:2      | 1275 ||| UPGRADING to ring of protection from cold.
  1276 | D:2      | 1276 ||| READING scroll labelled XUNNA ISOO.
  1277 | D:2      | 1277 ||| READING scroll labelled ROGUSE MEAFOH.
  1278 | D:2      | 1278 ||| DRINKING 4 purple potions.
  1375 | D:3      | Reached XP level 4. HP: 26/26 MP: 5/5
  1410 | D:3      | Reached skill level 4 in Ranged Weapons
  1429 | D:3      | Reached skill level 1 in Armour
  1827 | D:3      | 1827 ||| FLEEEEING.
  1896 | D:3      | 1896 ||| DROPPING +6 ring of intelligence.
  1897 | D:3      | 1897 ||| READING scroll labelled FEUJANEZEV.
  1898 | D:3      | 1898 ||| READING 5 scrolls of identify.
  1898 | D:3      | 1898 ||| IDENTIFYING grey potion
  1899 | D:3      | 1899 ||| READING 4 scrolls of identify.
  1899 | D:3      | 1899 ||| IDENTIFYING fuming emerald potion
  1900 | D:3      | 1900 ||| READING 3 scrolls of identify.
  1900 | D:3      | 1900 ||| IDENTIFYING clear potion
  1901 | D:3      | 1901 ||| READING 2 scrolls of identify.
  1901 | D:3      | 1901 ||| IDENTIFYING fizzy sapphire potion
  1902 | D:3      | 1902 ||| DROPPING potion of brilliance.
  1903 | D:3      | 1903 ||| DROPPING potion of lignification.
  1928 | D:4      | Reached XP level 5. HP: 30/30 MP: 6/6
  2018 | D:4      | Reached skill level 5 in Ranged Weapons
  2143 | D:4      | Noticed an ogre
  2150 | D:4      | Slain by an ogre

Levels and vault maps discovered:
D:1:      minmay_arrival_loop, layout_rooms
D:2:      layout_loops_corners
D:3:      layout_basic, minmay_misc_feat_ornament
D:4:      layout_loops_cross

Skill      XL: |  1  2  3  4  5 |
---------------+----------------+-----
Ranged Weapons | 3 4 5 |  5.2
Fighting       | 2 |  2.3
Armour         | 1 |  1.0
Dodging        | |  1.5
Spellcasting   | |  1.0
Hexes          | |  2.6

Action                     |  1- 3 |  4- 6 || total
---------------------------+-------+-------++-------
   Fire: Sling             |   118 |    80 ||   198
    Use: Scroll            |     5 |     5 ||    10
         Potion            |     2 |       ||     2
 Armour: Robe              |    17 |       ||    17
         Ring mail         |    17 |    20 ||    37
  Dodge: Dodged            |    58 |    41 ||    99

Table legend:
 A = Non-vault XP
 B = Vault XP
 C = Vault XP percentage of total XP
 D = Non-vault monster count
 E = Vault monster count
 F = Vault count percentage of total count
                 A         B        C        D         E       F
            +---------+---------+-------+---------+---------+-------
      Total |     274 |       0 |   0.0 |      73 |       0 |   0.0
            +---------+---------+-------+---------+---------+-------
        D:1 |      47 |       0 |   0.0 |      27 |       0 |   0.0
        D:2 |      17 |       0 |   0.0 |      10 |       0 |   0.0
        D:3 |      67 |       0 |   0.0 |      25 |       0 |   0.0
        D:4 |     143 |       0 |   0.0 |      11 |       0 |   0.0
            +---------+---------+-------+---------+---------+-------
